 Dungeon Crawl Stone Soup version 0.17-a0-484-g0e03f6a (webtiles) character file.

5229 Magnus the Blocker (level 10, 0/83 HPs)
             Began as a Formicid Fighter on Apr 11, 2015.
             Was a Follower of Cheibriados.
             Slain by a skeletal warrior
             ... wielding a +1 long sword of protection
              (18 damage)
             ... on level 9 of the Dungeon.
             The game lasted 00:47:58 (10417 turns).

Magnus the Blocker (Formicid Fighter)              Turns: 10417, Time: 00:47:59

Health: 0/83       AC: 12    Str: 32    XL:     10   Next: 92%
Magic:  7/10       EV: 10    Int: 10    God:    Cheibriados [*.....]
Gold:   265        SH: 13    Dex: 13    Spells: 0 memorised, 9 levels left

rFire  . . .     SeeInvis +     a - +3 war axe (flame)
rCold  . . .     Clarity  .     b - +0 scale mail
rNeg   . . .     SustAb   .     c - +0 shield
rPois  .         Gourm    .     (helmet unavailable)
rElec  .         Spirit   .     o - +0 cloak
rCorr  .         Warding  .     C - +1 pair of gloves
rMut   .         Stasis   +     (no boots)
MR     +....                    (no amulet)
Stlth  ..........               (no ring)
                                g - +2 ring of strength

@: mighty, very slightly contaminated, invisible, very slow, somewhat resistant
to hostile enchantments, extremely unstealthy
A: permanent stasis, dig shafts and tunnels, four strong arms, antennae 3
a: Dig, Shaft Self, Bend Time, Renounce Religion


You were on level 9 of the Dungeon.
You worshipped Cheibriados.
Cheibriados was aware of your devotion.
You were hungry.

You visited 2 branches of the dungeon, and saw 10 of its levels.

You collected 489 gold pieces.
You spent 224 gold pieces at shops.

Inventory:

Hand weapons
 a - a +3 war axe of flaming (weapon)
Armour
 b - a +0 scale mail (worn)
 c - a +0 shield (worn)
 o - a +0 cloak (worn)
 C - a +1 pair of gloves (worn)
Jewellery
 g - a +2 ring of strength (left hand)
 u - an uncursed ring of flight {unknown}
 v - the ring "Woiblouc" {rF+ Int+9 Dex-3 Stlth+}
   (You found it on level 6 of the Dungeon)

   [ring of protection from fire]

   It affects your intelligence (+9).
   It affects your dexterity (-3).
   It protects you from fire.
   It makes you more stealthy.
 y - an uncursed amulet of guardian spirit {unknown}
Magical devices
 j - a wand of fireball (7)
 k - a wand of digging (17)
 F - a wand of teleportation (7)
Scrolls
 r - a scroll of remove curse
 s - 3 scrolls of fear
 D - a scroll of magic mapping
Potions
 h - a potion of flight
 i - a potion of curing
 l - a potion of cancellation {unknown}
 m - a potion of resistance
 n - a potion of heal wounds
 w - 2 potions of brilliance
 x - a potion of restore abilities
Comestibles
 d - 9 bread rations
 f - 6 meat rations
 q - a slice of pizza
 t - 14 chunks of flesh


   Skills:
 + Level 9.2 Fighting
 + Level 8.1 Axes
 + Level 8.9 Armour
 + Level 10.0 Shields


You had 9 spell levels left.
You didn't know any spells.

Dungeon Overview and Level Annotations

Branches:
Dungeon (9/15)             Temple (1/1) D:7
   Lair: D:8-11         Orc: D:9-12

Altars:
Ashenzari
Cheibriados
Dithmenos
Elyvilon
Gozag
Kikubaaqudgha
Makhleb
Nemelex Xobeh
Okawaru
Qazlal
Ru
Sif Muna
Trog
Vehumet
Xom
Yredelemnul
Zin
The Shining One

Shops:
D:5 ?   D:6 [%*[!

Annotations:
D:3 Sigmund


Innate Abilities, Weirdness & Mutations

You are under a permanent stasis effect.
You can dig through walls and to a lower floor.
Your four strong arms can wield two-handed weapons with a shield.
You have a pair of large antennae on your head (SInv).


Message History

You hit the skeletal warrior. You burn the skeletal warrior.
The skeletal warrior is lightly damaged.
You block the skeletal warrior's attack.
The skeletal warrior hits you with a long sword of protection.
* * * LOW HITPOINT WARNING * * *
You barely miss the skeletal warrior.
The skeletal warrior is heavily damaged.
You hit the skeletal warrior. You burn the skeletal warrior.
The skeletal warrior is lightly damaged.
The skeletal warrior closely misses you.
The skeletal warrior hits you with a long sword of protection.
* * * LOW HITPOINT WARNING * * *
The skeletal warrior misses you.
You slash the skeletal warrior! You burn the skeletal warrior.
The skeletal warrior is severely damaged.
You catch the helpless skeletal warrior completely off-guard!
You slash the skeletal warrior! You burn the skeletal warrior.
The skeletal warrior is heavily damaged.
The skeletal warrior hits you with a long sword of protection!!
You die...

' #####.## ...
#......# ....
#.###..# .....
#.##...#
.......##.#....#
.......'.......###
.....=.####......#
..... ##z#.†.### /...
#@z.....# .(.
#.......# #+#
#.......#
#.###########...###
#.##........#...#
##.##.######.##.##
#####...#.######.##.#
..........##........#
.............###.####


You could see 2 skeletal warriors.

Vanquished Creatures
  A skeletal warrior (D:9)
  Psyche (D:8)
  A troll (D:7)
  5 yaks (D:9)
  Eustachio (D:4)
  A wyvern (D:9)
  A hungry ghost (D:8)
  Edmund (D:6)
  A black bear (D:6)
  A necrophage (D:8)
  3 ice beasts
  An orc warrior (D:6)
  A sky beast (D:9)
  2 ogres (D:8)
  2 centaurs (D:7)
  3 giant frogs
  The ghost of MrRokkomies the Ruffian, an average VSTm (D:3)
  A wyvern zombie (D:8)
  A gnoll sergeant (D:5)
  4 scorpions
  3 crimson imps
  A goliath beetle (D:8)
  2 centaur zombies
  2 giant frog skeletons
  A giant frog zombie (D:8)
  A jelly (D:5)
  An iguana (D:7)
  An orc priest (D:3)
  3 hounds
  8 orc wizards
  An iron imp (D:4)
  2 centaur skeletons
  12 worker ants
  3 hound skeletons
  A worker ant zombie (D:8)
  Robin (D:4)
  5 gnolls (D:5)
  A river rat (D:4)
  2 shadow imps
  5 adders
  A white imp (D:4)
  3 worms
  2 adder skeletons
  An adder zombie (D:6)
  An ooze (D:5)
  32 orcs
  2 bat skeletons
  A bat zombie (D:6)
  2 giant cockroaches
  16 goblins
  16 hobgoblins
  8 jackals
  10 kobolds
  3 quokkas
  A ball python (D:3)
  10 bats
  4 giant geckos
  2 giant gecko skeletons
  A giant gecko zombie (D:6)
  3 giant newts
  14 rats
  A ballistomycete (D:9)
223 creatures vanquished.

Vanquished Creatures (others)
  A giant spore (D:9)
1 creature vanquished.

Grand Total: 224 creatures vanquished

Notes
Turn   | Place    | Note
--------------------------------------------------------------
     0 | D:1      | Magnus, the Formicid Fighter, began the quest for the Orb.
     0 | D:1      | Reached XP level 1. HP: 18/18 MP: 1/1
   137 | D:1      | Reached XP level 2. HP: 24/24 MP: 2/2
   425 | D:1      | Reached XP level 3. HP: 26/29 MP: 3/3
   722 | D:2      | Reached skill level 4 in Shields
  1177 | D:2      | Reached XP level 4. HP: 25/37 MP: 4/4
  1418 | D:3      | Noticed MrRokkomies's ghost (average VSTm)
  1427 | D:3      | Killed MrRokkomies's ghost
  1427 | D:3      | Reached XP level 5. HP: 23/42 MP: 5/5
  1628 | D:3      | Noticed Sigmund
  1816 | D:3      | Noticed an ogre
  2369 | D:4      | Noticed Robin
  2373 | D:4      | Reached XP level 6. HP: 49/49 MP: 6/6
  2384 | D:4      | Killed Robin
  2604 | D:4      | Reached skill level 5 in Shields
  3027 | D:4      | Reached XP level 7. HP: 40/55 MP: 7/7
  3046 | D:4      | Reached skill level 5 in Fighting
  3376 | D:4      | Noticed an ogre
  3378 | D:4      | Noticed Eustachio
  3419 | D:5      | Entered Level 5 of the Dungeon
  3482 | D:5      | Reached skill level 5 in Armour
  3493 | D:5      | Got a steaming leather armour
  3532 | D:5      | Noticed a troll
  4087 | D:5      | Reached skill level 6 in Shields
  4087 | D:5      | Reached XP level 8. HP: 54/63 MP: 8/8
  4267 | D:5      | Found a radiant altar of Vehumet.
  4431 | D:5      | Found Weege's Magic Scroll Emporium.
  4859 | D:5      | Reached skill level 5 in Axes
  5356 | D:4      | Killed Eustachio
  5819 | D:6      | Found Meaffuz's Armour Boutique.
  5820 | D:6      | Found Fenunapn's Assorted Antiques.
  5885 | D:6      | Got a slimy bronze ring
  5908 | D:6      | Found Kaef's Armour Boutique.
  5949 | D:6      | Reached skill level 7 in Shields
  6141 | D:6      | Noticed Edmund
  6405 | D:5      | Identified the ring "Woiblouc" {rF+ Int+9 Dex-3 Stlth+} (You found it on level 6 of the Dungeon)
  6465 | D:5      | Bought a scroll of enchant weapon for 112 gold pieces
  6465 | D:5      | Bought a scroll of enchant weapon for 112 gold pieces
  6507 | D:5      | Reached XP level 9. HP: 69/71 MP: 9/9
  6581 | D:6      | Killed Edmund
  6706 | D:6      | Found Ulilotui's Food Shoppe.
  6798 | D:6      | Found Uxuil's Distillery.
  7214 | D:7      | Found an opulent altar of Gozag.
  7450 | D:7      | Killed a troll
  7450 | D:7      | Reached skill level 8 in Shields
  7862 | D:7      | Found a staircase to the Ecumenical Temple.
  7868 | Temple   | Entered the Ecumenical Temple
  7990 | Temple   | Became a worshipper of Cheibriados the Contemplative
  8079 | D:7      | Found a glowing golden altar of the Shining One.
  8246 | D:8      | Reached XP level 10. HP: 63/80 MP: 10/10
  8844 | D:8      | Found a glowing silver altar of Zin.
  8846 | D:8      | Found a white marble altar of Elyvilon.
  9152 | D:8      | Reached skill level 9 in Shields
  9158 | D:8      | Noticed Psyche
  9162 | D:8      | Killed Psyche
  9223 | D:8      | Found a burning altar of Makhleb.
 10062 | D:9      | Found a shadowy altar of Dithmenos.
 10217 | D:9      | Acquired Cheibriados's first power
 10387 | D:9      | Noticed a skeletal warrior
 10400 | D:9      | Noticed a skeletal warrior
 10401 | D:9      | Noticed a skeletal warrior
 10412 | D:9      | Killed a skeletal warrior
 10412 | D:9      | Reached skill level 10 in Shields
 10417 | D:9      | Slain by a skeletal warrior

Action                   |  1- 3 |  4- 6 |  7- 9 | 10-12 || total
-------------------------+-------+-------+-------+-------++-------
Melee: War axe           |   117 |   146 |   370 |   130 ||   763
Invok: Bend Time         |       |       |       |     2 ||     2
  Use: Scroll            |     1 |     1 |    12 |     4 ||    18
       Potion            |       |       |       |    14 ||    14
 Stab: Invisible         |       |       |       |     4 ||     4
  Eat: Chunk             |     1 |     5 |    13 |     4 ||    23
       Bread ration      |       |       |     1 |     1 ||     2
